 Dungeon Crawl Stone Soup version 0.30-a0-782-ge64f9170bb (webtiles) character file.

Game seed: 13011334850580893062

16436 Flugkiller the Nimble (level 12, -4/84 HPs)
             Began as an Octopode Cinder Acolyte on Mar 4, 2023.
             Was an Initiate of Hepliaklqana.
             Slain by a skyshark (10 damage)
             ... on level 2 of the Lair of Beasts.
             The game lasted 00:23:01 (16680 turns).

Flugkiller the Nimble (Octopode Cinder Acolyte)    Turns: 16680, Time: 00:23:01

Health: -4/84      AC:  4    Str: 13    XL:     12   Next: 37%
Magic:  17/19      EV: 19    Int: 23    God:    Hepliaklqana [......]
Gold:   424        SH:  8    Dex: 18    Spells: 18/20 levels left

rFire   . . .      SeeInvis .    c - +3 eveningstar (freeze)
rCold   . . .      Faith    .    y - +2 buckler {AC+3}
rNeg    . . .      Spirit   .    (helmet restricted)
rPois   +          Reflect  .    A - amulet of the acrobat
rElec   +          Harm     .    e - +6 ring of intelligence
rCorr   +          Rampage  .    f - ring of resist corrosion
Will    +....                    K - ring of wizardry
Stlth   +++                      v - ring "Uvein" {rElec rPois Will+}
HPRegen 0.34/turn                x - +6 ring of dexterity
MPRegen 0.16/turn                (no ring)
                                 (no ring)
                                 (no ring)

@: fire susceptible
A: almost no armour, amphibious, 8 rings, camouflage 1, gelatinous body 1,
(nimble swimmer 1), tentacles, mutation resistance 1
a: Renounce Religion


You were on level 2 of the Lair of Beasts.
You worshipped Hepliaklqana.
Hepliaklqana was noncommittal.
You visited 3 branches of the dungeon, and saw 16 of its levels.
You also visited: Bailey.

You collected 892 gold pieces.
You spent 468 gold pieces at shops.

Inventory:

Hand Weapons
 c - a +3 eveningstar of freezing (weapon)
   (You acquired it on level 3 of the Dungeon)
Missiles
 b - 4 throwing nets (quivered)
Armour
 y - a +2 buckler of protection (worn)
   (You found it on level 8 of the Dungeon)
Jewellery
 e - a +6 ring of intelligence (left tentacle)
   (You found it on level 4 of the Dungeon)
 f - a ring of resist corrosion (right tentacle)
   (You found it on level 4 of the Dungeon)
 o - a ring of fire
   (You found it on level 6 of the Dungeon)
 s - a ring of fire
   (You found it on level 7 of the Dungeon)
 v - the ring "Uvein" (on tentacle) {rElec rPois Will+}
   (You acquired it on level 7 of the Dungeon)

   [ring of poison resistance]

   rElec:     It insulates you from electricity.
   rPois:     It protects you from poison.
   Will:      It increases your willpower.
 x - a +6 ring of dexterity (on tentacle)
   (You bought it in a shop on level 8 of the Dungeon)
 A - an amulet of the acrobat (around mantle)
   (You found it on level 13 of the Dungeon)
 G - an amulet of magic regeneration
   (You found it on level 12 of the Dungeon)
 K - a ring of wizardry (on tentacle)
   (You found it on level 2 of the Lair of Beasts)
Wands
 i - a wand of paralysis (14)
   (You found it on level 5 of the Dungeon)
 p - a wand of flame (32)
   (You found it on level 6 of the Dungeon)
 H - a wand of quicksilver (4)
   (You found it on level 11 of the Dungeon)
Scrolls
 a - 2 scrolls of torment
 h - a scroll of vulnerability
 j - 2 scrolls of immolation
 m - 2 scrolls of poison
 r - a scroll of butterflies {unknown}
 t - 3 scrolls of teleportation
 u - a scroll of fog
 z - 3 scrolls of blinking
 D - a scroll of enchant armour
 F - a scroll of brand weapon
 J - a scroll of amnesia
Potions
 d - 4 potions of attraction
 g - 8 potions of mutation
 k - a potion of flight
 l - a potion of cancellation
 n - 4 potions of resistance
 q - 4 potions of curing
 w - 3 potions of heal wounds
 B - a potion of invisibility
 C - a potion of lignification
 I - a potion of magic
Miscellaneous
 E - a tin of tremorstones (2/2)
   (You found it on level 13 of the Dungeon)
 L - a phial of floods
   (You found it on level 2 of the Lair of Beasts)


   Skills:
 - Level 8.8 Fighting
 - Level 8.8 Maces & Flails
 - Level 11.0 Dodging
 - Level 5.0 Shields
 + Level 4.8 Spellcasting
 + Level 4.6 Conjurations
 + Level 4.6 Transmutations
 - Level 3.1 Fire Magic
 - Level 7.2 Evocations


You had 18 spell levels left.
You knew the following spells:

 Your Spells              Type           Power      Damage    Failure   Level
a - Scorch                Fire           40%        2d7       1%          2

Your spell library contained the following spells:

 Spells                   Type           Power      Damage    Failure   Level
 Apportation              Tloc           10%        N/A       4%          1
 Summon Small Mammal      Summ           20%        N/A       4%          1
 Blink                    Tloc           10%        N/A       8%          2
 Lesser Beckoning         Tloc           10%        N/A       8%          2
 Sublimation of Blood     Necr           5%         N/A       8%          2
 Call Canine Familiar     Summ           5%         N/A       16%         3
 Gell's Gravitas          Tloc           5%         N/A       16%         3
 Summon Guardian Golem    Hex/Summ       5%         N/A       16%         3
 Teleport Other           Tloc           5%         N/A       16%         3
 Vhi's Electric Charge    Tloc/Air       10%        N/A       16%         3
 Petrify                  Tmut/Erth      16%        N/A       19%         4
 Irradiate                Conj/Tmut      13%        3d16      21%         5
 Manifold Assault         Tloc           5%         N/A       43%         4
 Alistair's Intoxication  Tmut/Pois      10%        N/A       45%         5
 Arcjolt                  Conj/Air       8%         1d18      45%         5
 Storm Form               Tmut/Air       8%         N/A       100%        7
 Maxwell's Capacitive Co  Air            2%         ∞         100%        8


Dungeon Overview and Level Annotations

Branches:
Dungeon (13/15) Zot: 24916  Temple (1/1) D:4 Zot: 5912    Lair (2/5) D:11 Zot: 10321
 Shoals (0/4) Lair:2          Orc (0/2) D:11         Bailey (visited)
  Snake: Lair:2-3    Spider: Lair:2-3    Vaults: D:13-14

Altars:
Ashenzari
Cheibriados
Dithmenos
Elyvilon
Fedhas
Gozag
Hepliaklqana
Kikubaaqudgha
Makhleb
Okawaru
Qazlal
Ru
Sif Muna
Trog
Uskayaw
Vehumet
Wu Jian
Xom
Yredelemnul
Zin
The Shining One

Shops:
D:7 [   D:8 *

Portals:
Trove: D:11 (give +4 demon trident)

Annotations:
D:2 1 runed translucent door, Crazy Yiuf
D:5 exclusion: downstairs
D:7 exclusion: statue


Innate Abilities, Weirdness & Mutations

You cannot wear most types of armour.
You are amphibious.
You can wear up to eight rings at the same time.
Your skin changes colour to match your surroundings (Stealth+).
Your rubbery body absorbs attacks. (AC +1, EV +1)
((You are camouflaged when in or above water. (Stealth+)))
You have tentacles for arms and can constrict up to eight enemies at once.
You are somewhat resistant to further mutation.


Message History

You add the spells Vhi's Electric Charge, Arcjolt and Maxwell's Capacitive Coupling to your library.
Found 8 stones.
The komodo dragon hisses angrily.
You sock the komodo dragon! You freeze the komodo dragon.
You squeeze the komodo dragon!
The komodo dragon is heavily wounded.
The komodo dragon bites you!
You puncture the komodo dragon! You freeze the komodo dragon.
You squeeze the komodo dragon.
You kill the komodo dragon!
No target in view!
Unknown command.
A naga comes into view. It is wielding a +0 halberd.
Unknown command.
Casting: Scorch (safe; 4% risk of failure)
Confirm with . or Enter, or press ? or * to list all spells.
You can't see any susceptible monsters within range! (Use Z to cast anyway.)
Casting: Scorch (safe; 4% risk of failure)
Confirm with . or Enter, or press ? or * to list all spells.
You can't see any susceptible monsters within range! (Use Z to cast anyway.)
Casting: Scorch (safe; 4% risk of failure)
Confirm with . or Enter, or press ? or * to list all spells.
Flames lash the naga.
The naga shouts!
The naga is heavily wounded.
The naga's fire resistance burns away.
Casting: Scorch (safe; 4% risk of failure)
Confirm with . or Enter, or press ? or * to list all spells.
Flames lash the naga.
The naga is burned terribly!
The naga is almost dead.
Casting: Scorch (safe; 4% risk of failure)
Confirm with . or Enter, or press ? or * to list all spells.
Flames lash the naga.
The naga is burned terribly!
You kill the naga!
You open the door.
There is an open door here.
Found a club.
z - 3 scrolls of blinking (gained 1)
K - a ring of wizardry Magic restored.
L - a phial of floods Unknown command.
A naga comes into view. It is wielding a +0 mace of holy wrath.
Okay, then.
You start waiting.
A skyshark is nearby!
K - a ring of wizardry (on tentacle)
Casting: Scorch (safe; 1% risk of failure)
Confirm with . or Enter, or press ? or * to list all spells.
Flames lash the skyshark.
The skyshark is lightly wounded.
The skyshark's fire resistance burns away.
Casting: Scorch (safe; 1% risk of failure)
Confirm with . or Enter, or press ? or * to list all spells.
Flames lash the skyshark but do no damage.
You block the skyshark's attack. The skyshark misses you.
You hit the skyshark but do no damage.
The skyshark is lightly wounded.
The skyshark closely misses you. The skyshark barely misses you.
You miss the skyshark. You squeeze the skyshark!
The skyshark is moderately wounded.
The skyshark completely misses you. The skyshark closely misses you.
You block the skyshark's attack. The skyshark barely misses you.
You closely miss the skyshark.
The skyshark is moderately wounded.
The skyshark is no longer more vulnerable to fire.
The skyshark barely misses you. The skyshark tail-slaps you.
The skyshark bites you.
The skyshark tastes blood and grows stronger!
The skyshark tail-slaps you!
You hit the skyshark.
The skyshark seems to slow down.
You freeze the skyshark.
The skyshark is moderately wounded.
The skyshark closely misses you. The skyshark tail-slaps you.
You closely miss the skyshark. Your squeeze misses the skyshark.
The skyshark is moderately wounded.
You block the skyshark's attack. The skyshark tail-slaps you.
You completely miss the skyshark. You squeeze the skyshark!
The skyshark is heavily wounded.
The skyshark misses you. The skyshark tail-slaps you!
You barely miss the skyshark. Your squeeze misses the skyshark.
The skyshark is heavily wounded.
The skyshark is no longer moving slowly.
The skyshark closely misses you. x2
You puncture the skyshark!
The skyshark seems to slow down.
You freeze the skyshark. You squeeze the skyshark.
The skyshark is almost dead.
The skyshark completely misses you. The skyshark barely misses you.
You barely miss the skyshark. Your squeeze misses the skyshark.
The skyshark is almost dead.
The skyshark barely misses you. The skyshark misses you.
You miss the skyshark. You squeeze the skyshark.
The skyshark is almost dead.
The skyshark bites you!!
The skyshark enters a blood-rage!
The skyshark barely misses you.
You hit the skyshark but do no damage.
The skyshark is almost dead.
The skyshark bites you!!
* * * LOW HITPOINT WARNING * * *
The skyshark tail-slaps you!
You die...

##.####.###..# #...........##
#...........# #...........##
#.........)..# ##............#
#.............# ##...........##
#..@l.......P# ####.#.+P#####
####.### # #....# ## .P#######
####l### ##. .......<#
########'..#### #P.
.....k..#####.............# ##.
.......S##..+.......l...).###P.
.....h......#..................


You could see a skyshark (berserk, slow).

Vanquished Creatures
  Azrael (D:13)
  A death yak (D:10)
  An orc knight (Bailey)
  2 cyclopes (D:11)
  A merfolk siren (Lair:2)
  3 black mambas (Lair:1)
  3 gargoyles
  3 cane toads (Lair:1)
  A kobold demonologist (D:7)
  2 komodo dragons
  2 trolls
  Grinder (D:6)
  A hornet (D:6)
  A shadow (D:6)
  4 fire elementals (D:13)
  3 wyverns (Lair:1)
  3 wraiths
  3 yaks (D:9)
  2 steam dragons
  Menkaure (D:7)
  A naga (Lair:2)
  A warg (D:10)
  3 water moccasins
  3 hell hounds (D:13)
  12 orc warriors
  2 black bears
  3 sky beasts
  3 ice beasts
  An ogre (D:5)
  7 wolves (Lair:1)
  2 centaurs
  A phantom (D:5)
  4 kobold brigands
  A necrophage (D:6)
  7 bullfrogs
  2 gnoll sergeants
  4 scorpions
  13 wights
  3 killer bees (D:8)
  4 howler monkeys
  An electric eel (Lair:1)
  3 gnoll boudas
  3 jellies
  10 orc priests
  4 hounds
  3 iguanas
  5 orc wizards
  21 gnolls
  13 adders
  3 river rats (D:11)
  5 white imps
  2 ufetubi
  A worm (D:2)
  A dart slug (D:5)
  55 orcs
  4 bats
  13 endoplasms
  4 giant cockroaches
  6 goblins
  4 hobgoblins
  3 jackals (D:1)
  19 kobolds
  5 quokkas
  8 ball pythons
  4 frilled lizards
  3 rats
319 creatures vanquished.

Vanquished Creatures (others)
  15 foxfires (D:5)
  13 fungi
  7 plants
35 creatures vanquished.

Grand Total: 354 creatures vanquished

Notes
Turn   | Place    | Note
-------+----------+-------------------------------------------
     0 | D:1      | Flugkiller the Octopode Cinder Acolyte began the quest for
                  | the Orb.
     0 | D:1      | Reached XP level 1. HP: 16/16 MP: 2/2
   105 | D:1      | Reached XP level 2. HP: 18/21 MP: 3/3
   358 | D:1      | Learned a level 2 spell: Scorch
   516 | D:1      | Reached XP level 3. HP: 27/27 MP: 4/4
   814 | D:2      | Reached XP level 4. HP: 33/34 MP: 5/5
  1000 | D:2      | Reached skill level 5 in Fighting
  1130 | D:2      | Reached XP level 5. HP: 26/39 MP: 1/6
  1590 | D:2      | Found a runed translucent door.
  1591 | D:2      | Noticed Crazy Yiuf
  1928 | D:3      | Gained mutation: You are agile. (Dex +4, Str/Int -1)
                  | [potion of mutation]
  1928 | D:3      | Lost mutation: You are agile. (Dex +4, Str/Int -1) [potion
                  | of mutation]
  1928 | D:3      | Gained mutation: You are somewhat resistant to further
                  | mutation. [potion of mutation]
  1932 | D:3      | Identified a scroll of acquirement
  1932 | D:3      | Acquired a +2 eveningstar of freezing
  1932 | D:3      | HP: 1/41 [gnoll/+0 club[a gnoll bouda] (4)]
  1940 | D:3      | Reached XP level 6. HP: 5/46 MP: 2/8
  2587 | D:3      | Found a broken altar of Ashenzari.
  2587 | D:3      | Found a snail-covered altar of Cheibriados.
  3275 | D:4      | Found a staircase to the Ecumenical Temple.
  3287 | D:4      | Reached skill level 5 in Maces & Flails
  3287 | D:4      | Reached XP level 7. HP: 52/52 MP: 10/10
  3839 | D:5      | Entered Level 5 of the Dungeon
  4014 | D:5      | Reached skill level 1 in Dodging
  4031 | D:5      | Reached skill level 2 in Dodging
  4185 | D:5      | Reached skill level 3 in Dodging
  4682 | D:5      | Reached XP level 8. HP: 53/57 MP: 11/11
  4754 | D:5      | Reached skill level 4 in Dodging
  4995 | D:5      | Identified the +1 robe of Terror {rN+ Dex+3 Slay-3}
  5132 | D:6      | Noticed a hornet
  5280 | D:5      | Reached skill level 5 in Dodging
  5429 | D:6      | Killed a hornet
  5430 | D:6      | Reached skill level 6 in Dodging
  5551 | D:6      | Noticed a troll
  5555 | D:6      | Reached skill level 1 in Evocations
  5617 | D:6      | Killed a troll
  5618 | D:6      | Reached XP level 9. HP: 63/63 MP: 8/12
  5720 | D:6      | Noticed Grinder
  6025 | D:6      | Paralysed by Grinder for 2 turns
  6031 | D:6      | Killed Grinder
  6032 | D:6      | Reached skill level 5 in Evocations
  6162 | D:7      | Noticed a kobold demonologist
  6174 | D:7      | Killed a kobold demonologist
  6699 | D:7      | Noticed Menkaure
  6701 | D:7      | Killed Menkaure
  6804 | D:7      | Reached XP level 10. HP: 49/72 MP: 11/13
  6914 | D:7      | Found Ifoyn's Antique Armour Shop.
  6941 | D:7      | Found a radiant altar of Vehumet.
  7203 | D:7      | Identified the +0 robe "Ejosa" {Harm rPois Slay-4}
  8204 | D:7      | Acquired the ring "Uvein" {rElec rPois Will+}
  8773 | D:8      | Found Jikharch's General Store.
  8779 | D:8      | Bought a +6 ring of dexterity for 468 gold pieces
  9033 | D:8      | Reached skill level 1 in Shields
  9187 | D:8      | Found a glowing golden altar of the Shining One.
  9710 | D:9      | Found the +7 Kryia's mail coat {PotionHeal*2 rC+}
  9737 | D:9      | Found an opulent altar of Gozag.
  9864 | D:9      | Reached skill level 7 in Dodging
 10440 | D:9      | Reached skill level 8 in Dodging
 10576 | D:10     | Entered Level 10 of the Dungeon
 10629 | D:10     | Found a glowing silver altar of Zin.
 10629 | D:10     | Found a blossoming altar of Fedhas.
 10643 | D:10     | Reached XP level 11. HP: 47/78 MP: 10/14
 10751 | D:10     | Found a flagged portal.
 10790 | Bailey   | Entered a bailey
 11032 | Bailey   | Noticed an orc knight
 11073 | Bailey   | Killed an orc knight
 11171 | Bailey   | Identified the +9 plate armour of the Candlemaker {SInv}
 11195 | Bailey   | Reached skill level 9 in Dodging
 12354 | D:10     | You fall into a shaft and drop 3 floors!
 12406 | D:13     | Noticed Azrael
 12429 | D:13     | Reached skill level 5 in Shields
 12531 | D:13     | Killed Azrael
 12532 | D:13     | Reached skill level 10 in Dodging
 12734 | D:12     | Noticed a boulder beetle
 12752 | D:12     | Noticed a green ugly thing
 12761 | D:12     | Noticed a cyan ugly thing
 12967 | D:11     | Noticed a cyclops
 12975 | D:11     | Killed a cyclops
 13270 | D:10     | Found a shimmering altar of Xom.
 13272 | D:10     | Found a shimmering blue altar of Sif Muna.
 13274 | D:10     | Found a basalt altar of Yredelemnul.
 13322 | D:11     | Reached skill level 11 in Dodging
 13482 | D:11     | Found a staircase to the Orcish Mines.
 13526 | D:11     | Noticed a death yak
 13535 | D:11     | Found a staircase to the Lair.
 13535 | D:11     | Noticed a death yak
 13544 | D:11     | Noticed a death yak
 13651 | D:11     | Reached skill level 1 in Transmutations
 13657 | D:11     | Reached skill level 1 in Conjurations
 13957 | D:11     | Found a portal to a secret trove of treasure.
 14129 | D:11     | Noticed a cyclops
 14140 | D:11     | Killed a cyclops
 14482 | D:10     | Killed a death yak
 14671 | Lair:1   | Entered Level 1 of the Lair of Beasts
 14749 | Lair:1   | Reached XP level 12. HP: 84/84 MP: 11/17
 15682 | Temple   | Entered the Ecumenical Temple
 15748 | Temple   | Fell from the grace of Ignis
 15748 | Temple   | Became a worshipper of Hepliaklqana the Forgotten
 16548 | Lair:2   | Found a staircase to the Shoals.
 16680 | Lair:2   | Slain by a skyshark

Illustrated notes

Levels and vault maps discovered:
D:1:      mrwooster_arrival_statue_3, layout_basic, serial_rivers,
          chequers_serial_rivers_micro_d, chequers_serial_rivers_micro_a,
          chequers_serial_rivers_small_b, chequers_serial_rivers_micro_b,
          chequers_serial_rivers_large_b, chequers_serial_rivers_micro_d,
          chequers_decorated_corner
D:2:      layout_loops_ring, minmay_snake_closets, uniq_crazy_yiuf_cottage
D:3:      layout_loops_ring, chequers_temple_overflow_statue_of_worship,
          kennysheep_generic_room_9
D:4:      layout_basic, minmay_temple_entry_proselytizer
D:5:      layout_gridville, nrook_mini_vaults
D:6:      layout_rooms, grunt_potential, uniq_grinder
D:7:      minmay_razor_zed, layout_rooms, vehumet_statue, serial_shops, shop,
          minmay_circle_x, uniq_menkaure
D:8:      layout_loops_ring, amcnicky_altar_gilded, nicolae_stop_n_shop_2
D:9:      layout_loops_ring, mainiacjoe_overflow_chevrons, serial_park_tiny_1,
          kennysheep_generic_room_8
D:10:     layout_layer_cave, chequers_temple_overflow_minitemple, enter_bailey_6
D:11:     layout_stronghold, dpeg_lair_monsters, david_orc_3,
          nicolae_trove_entry_free_sample, dreamdust_wishing_well
D:12:     layout_basic, special_room [special_room_orc]
D:13:     layout_roguey, david_vaults_3, uniq_azrael
Temple:   nicolae_temple_godzebo
Lair:1:   layout_roguey, nicolae_quartered_pool_super, grunt_megastairs_4
Lair:2:   layout_roguey, minmay_shoals_entry_lonely_mermaid,
          minmay_snake_entry_guardpost_medium

Skill      XL: |  1  2  3  4  5  6  7  8  9 10 11 12 |
---------------+-------------------------------------+-----
Fighting       | 4 5 6 8 |  8.8
Spellcasting   | 2 3 4 |  4.8
Maces & Flails | 5 6 8 |  8.8
Dodging        | 3 6 8 11 | 11.0
Evocations     | 3 6 7 |  7.2
Shields        | 3 5 |  5.0
Transmutations | 2 4 |  4.6
Conjurations   | 2 4 |  4.6
Fire Magic     | |  3.1

Action                     |  1- 3 |  4- 6 |  7- 9 | 10-12 || total
---------------------------+-------+-------+-------+-------++-------
  Melee: Mace              |    46 |    58 |       |       ||   104
         Constrict         |     9 |    19 |    22 |    72 ||   122
         Tentacles         |     6 |    15 |    22 |    93 ||   136
         Eveningstar       |       |    44 |   122 |   372 ||   538
         Punch             |       |       |     1 |     5 ||     6
   Cast: Scorch            |     6 |    14 |    59 |   133 ||   212
 Invoke: Fiery Armour      |       |     1 |     1 |     1 ||     3
         Foxfire Swarm     |       |       |     1 |       ||     1
  Evoke: Wand              |       |       |     2 |     9 ||    11
    Use: Potion            |       |     5 |       |     1 ||     6
         Scroll            |       |     5 |    11 |     8 ||    24
   Stab: Sleeping          |     3 |     7 |       |     2 ||    12
         Paralysed         |       |       |     3 |    10 ||    13
 Armour: Skin              |     1 |    11 |     8 |    33 ||    53
  Dodge: Dodged            |    38 |    60 |    80 |   318 ||   496
  Block: Buckler           |       |       |       |   119 ||   119

Table legend: (Time is in decaauts)
 A = Elapsed time spent in this place.
 B = Non-inter-level travel time spent in this place.
 C = Inter-level travel time spent in this place.
 D = Time resting spent in this place.
 E = Time spent auto-exploring this place.
 F = Levels seen in this place.
 G = Mean time per level.
                   A        B        C        D        E       F      G
               +--------+--------+--------+--------+--------+-----+--------+
         Total |  16812 |  15706 |   1106 |   5012 |   6815 |  17 |  988.9 |
       Dungeon |  14347 |  13367 |    980 |   4109 |   6007 |  13 | 1103.6 |
        Temple |     87 |     67 |     20 |      0 |     40 |   1 |   87.0 |
          Lair |   1677 |   1571 |    106 |    612 |    646 |   2 |  838.5 |
        Bailey |    699 |    699 |      0 |    290 |    122 |   1 |  699.0 |
               +--------+--------+--------+--------+--------+-----+--------+

Top non-repeatable levels by time:
     D:7: 2192 daAuts
    D:10: 1771 daAuts
  Lair:1: 1429 daAuts
     D:5: 1317 daAuts
     D:2: 1297 daAuts
     D:6: 1236 daAuts
    D:11: 1180 daAuts
     D:3: 1165 daAuts
     D:4: 1083 daAuts
     D:9: 975 daAuts
     D:8: 917 daAuts
     D:1: 700 daAuts
  Bailey: 699 daAuts
    D:13: 345 daAuts
  Lair:2: 248 daAuts
